 Dungeon Crawl Stone Soup version 0.29.1-15-g9cfb28693d (webtiles) character file.

Game seed: 14506210369789871587

1703 jtron the Slasher (level 8, -7/61 HPs)
             Began as a Demonspawn Gladiator on Feb 27, 2023.
             Was an Initiate of Makhleb.
             Succumbed to a scorpion's poison
             ... on level 5 of the Dungeon.
             The game lasted 00:15:15 (4146 turns).

jtron the Slasher (Demonspawn Gladiator)            Turns: 4146, Time: 00:15:15

Health: -7/61      AC:  8    Str: 13      XL:     8   Next: 73%
Magic:  8/8        EV: 13    Int: 15 (16) God:    Makhleb [......]
Gold:   258        SH:  5    Dex: 20      Spells: 7/7 levels left

rFire   . . .      SeeInvis .   a - +0 long sword (vorpal)
rCold   . . .      Faith    .   (no shield)
rNeg    . . .      Spirit   .   n - +0 leather armour
rPois   .          Reflect  +   (helmet restricted)
rElec   .          Harm     .   F - +2 cloak {Stlth+}
rCorr   .          Rampage  .   (no gloves)
Will    .....                   o - +2 pair of boots
Stlth   +++.......              p - amulet of reflection
HPRegen 0.20/turn               g - ring of flight
MPRegen 0.11/turn               t - +6 ring of intelligence

@: lethally poisoned (-7 -> -39), flying, slowed, very slow
A: antennae 1, ignite blood 1, demonic magic 1, weakness stinger 1, demonic
touch 2, talons 1, agile 1, deformed body, deterioration 1
a: Renounce Religion


You were on level 5 of the Dungeon.
You worshipped Makhleb.
Makhleb was noncommittal.
You visited 2 branches of the dungeon, and saw 6 of its levels.

You collected 271 gold pieces.
You spent 13 gold pieces at shops.

Inventory:

Hand Weapons
 a - a +0 vorpal long sword (weapon)
 b - a +0 sling of venom
 r - a +0 dagger of speed
Missiles
 k - 25 stones (quivered)
Armour
 c - a +1 helmet
 n - a +0 leather armour (worn)
 o - a +2 pair of boots (worn)
 F - a +2 cloak of stealth (worn)
Jewellery
 f - a ring of ice
 g - a ring of flight (left hand)
 p - an amulet of reflection (around neck)
 t - a +6 ring of intelligence (right hand)
 u - a ring of see invisible
 y - a ring of poison resistance
 A - a ring of positive energy
 B - a +6 ring of intelligence
Wands
 j - a wand of flame (3)
Scrolls
 d - 3 scrolls of teleportation
 h - a scroll of magic mapping {unknown}
 q - a scroll of silence {unknown}
 s - a scroll of vulnerability {unknown}
 v - a scroll of amnesia
 z - a scroll of enchant weapon {unknown}
 C - a scroll of noise {unknown}
 E - 2 scrolls of blinking
Potions
 l - a potion of flight
 m - a potion of degeneration
 x - 2 potions of brilliance


   Skills:
 + Level 4.5 Fighting
 + Level 7.8 Long Blades
 + Level 2.1 Ranged Weapons
 + Level 2.8 Throwing
 + Level 3.0 Armour
 - Level 3.6 Dodging
 - Level 2.2 Stealth
 - Level 1.4 Shields


You had 7 spell levels left.
You didn't know any spells.
Your spell library contained the following spells:

 Spells                   Type           Power      Damage    Failure   Level
 Slow                     Hex            0%         N/A       34%         1
 Confusing Touch          Hex            0%         N/A       71%         3
 Gell's Gravitas          Tloc           0%         N/A       71%         3
 Lesser Beckoning         Tloc           0%         N/A       71%         3
 Teleport Other           Tloc           0%         N/A       71%         3
 Vampiric Draining        Necr           0%         2d6       71%         3
 Chain Lightning          Conj/Air       0%         N/A       100%        9
 Fire Storm               Conj/Fire      0%         5d1       100%        9
 Shatter                  Erth           0%         3d5*      100%        9


Dungeon Overview and Level Annotations

Branches:
Dungeon (5/15)             Temple (1/1) D:5

Altars:
Cheibriados
Gozag
Hepliaklqana
Kikubaaqudgha
Makhleb
Okawaru
Qazlal
Ru
Sif Muna
Trog
Uskayaw
Xom

Shops:
D:4 [   D:5 !

Annotations:
D:4 Natasha


Innate Abilities, Weirdness & Mutations

You have a pair of small antennae on your head.
Your demonic aura sometimes causes spilled blood to erupt in flames.
Spells you cast may paralyse adjacent enemies.
You have a small tail.
Your touch may inflict irresistible damage on your foes.
You have sharp toenails.
You are agile. (Dex +4, Str/Int -1)
Armour fits poorly on your strangely shaped body.
Your body sometimes deteriorates upon taking damage.


Message History

The puff of flame hits the kobold brigand.
The kobold brigand is moderately wounded.
The kobold brigand throws a curare-tipped dart.
The curare-tipped dart hits you.
You are poisoned.
You have difficulty breathing.
You feel yourself slow down.
Throw: javelin
Press: ? - help, Q - select action, (/) - cycle Shift-Dir - straight line, f - kobold brigand
Aim: a kobold brigand, wielding a staff of conjuration and quivering curare-tipped darts (moderately wounded, 56% to hit)
You throw a javelin.
The javelin pierces through the kobold brigand!
The kobold brigand is heavily wounded.
You feel very sick.
The kobold brigand throws a curare-tipped dart.
The curare-tipped dart hits you.
You are more poisoned.
You have difficulty breathing.
You feel as though you will be slow longer.
The scorpion stings you.
You are lethally poisoned!
The scorpion poisons you!
It was a potion of mutation.
You feel extremely strange.
You feel yourself wasting away.
You feel agile.
Your body twists and deforms.
Your toenails lengthen and sharpen.
* * * LOW HITPOINT WARNING * * *
You feel extremely sick. The scorpion closely misses you.
You block the scorpion's attack.
You closely miss the scorpion.
You tail-slap the scorpion, but do no damage.
Your touch misses the scorpion.
* * * LOW HITPOINT WARNING * * *
Your body deteriorates!
You feel dopey.
You feel extremely sick. The scorpion stings you.
* * * LOW HITPOINT WARNING * * *
You are more poisoned.
The scorpion poisons you! You block the scorpion's attack.
You slash the scorpion!
The scorpion is severely wounded.
You die...

.# ##........#.#.#
######
#........'.#.#
......
#........###.#
...... #........#
#.# ......
########.# #.#
......
#######.###.#
......
######.....#.....#
......
#....'.#.#.#######
######
#.##@#.....#
##s#.#.#.#
hK#.....# #####
.#######'##
...)###
#...#......#
###...#
#...#.#.†#.# ####
# ###.### #..
#..))..# #... #
#...# ### #......#
#... # ###.####
'.s#.#..#.# #...


You could see a kobold brigand, a scorpion and a hound.

Vanquished Creatures
  Grinder (D:4)
  Menkaure (D:5)
  A water moccasin (D:5)
  A black bear (D:5)
  3 ogres (D:5)
  2 phantoms (D:5)
  2 necrophages
  A scorpion (D:5)
  A jelly (D:5)
  3 orc priests
  2 hounds (D:5)
  Crazy Yiuf (D:4)
  A gnoll bouda (D:5)
  4 iguanas
  2 orc wizards
  7 gnolls
  4 adders
  2 shadow imps
  3 dart slugs
  16 orcs
  4 ball pythons
  10 endoplasms
  3 giant cockroaches
  4 goblins
  6 hobgoblins
  11 jackals
  3 quokkas
  6 bats
  3 frilled lizards
  9 kobolds
  5 rats
122 creatures vanquished.

Notes
Turn   | Place    | Note
-------+----------+-------------------------------------------
     0 | D:1      | jtron the Demonspawn Gladiator began the quest for the Orb.
     0 | D:1      | Reached XP level 1. HP: 16/16 MP: 1/1
   349 | D:1      | Reached skill level 3 in Long Blades
   380 | D:1      | Discovered your monstrous ancestry.
   380 | D:1      | Gained mutation: Your touch may inflict minor irresistible
                  | damage on your foes. [demonic ancestry]
   380 | D:1      | Reached XP level 2. HP: 22/22 MP: 2/2
   688 | D:2      | Reached XP level 3. HP: 27/27 MP: 3/3
  1124 | D:2      | Found a faded altar of an unknown god.
  1514 | D:3      | Gained mutation: You have a small tail. [demonic ancestry]
  1514 | D:3      | Reached XP level 4. HP: 34/34 MP: 4/4
  1635 | D:3      | Reached skill level 1 in Armour
  1637 | D:3      | Reached skill level 4 in Long Blades
  1637 | D:3      | Gained mutation: Spells you cast may paralyse adjacent
                  | enemies. [demonic ancestry]
  1637 | D:3      | Reached XP level 5. HP: 30/39 MP: 5/5
  1987 | D:3      | Reached skill level 1 in Stealth
  2689 | D:4      | Found a runed translucent door.
  2690 | D:4      | Noticed Crazy Yiuf
  2701 | D:4      | Killed Crazy Yiuf
  2702 | D:4      | Gained mutation: You have a pair of small antennae on your
                  | head. [demonic ancestry]
  2702 | D:4      | Reached XP level 6. HP: 32/46 MP: 6/6
  2816 | D:4      | Noticed Natasha
  2860 | D:4      | Found Adivaudgh's Antique Armour Shop.
  2868 | D:4      | Noticed Grinder
  2874 | D:4      | Paralysed by Grinder for 3 turns
  2887 | D:4      | Killed Grinder
  2888 | D:4      | Reached skill level 5 in Long Blades
  2888 | D:4      | Reached skill level 1 in Shields
  3063 | D:4      | Gained mutation: Your demonic aura sometimes causes spilled
                  | blood to erupt in flames. [demonic ancestry]
  3063 | D:4      | Reached XP level 7. HP: 35/52 MP: 7/7
  3432 | D:5      | Entered Level 5 of the Dungeon
  3518 | D:5      | Noticed Menkaure
  3524 | D:5      | Killed Menkaure
  3534 | D:5      | Found a staircase to the Ecumenical Temple.
  3542 | D:5      | Reached skill level 6 in Long Blades
  3554 | Temple   | Entered the Ecumenical Temple
  3657 | Temple   | Became a worshipper of Makhleb the Destroyer
  3699 | D:5      | Gained mutation: Your touch may inflict irresistible damage
                  | on your foes. [demonic ancestry]
  3699 | D:5      | Reached XP level 8. HP: 60/60 MP: 8/8
  3851 | D:5      | Found Vetz's Distillery.
  3866 | D:5      | Bought a potion of degeneration for 13 gold pieces
  4022 | D:5      | Reached skill level 7 in Long Blades
  4025 | D:5      | Reached skill level 1 in Ranged Weapons
  4144 | D:5      | Gained mutation: Your body sometimes deteriorates upon
                  | taking damage. [potion of mutation]
  4144 | D:5      | Gained mutation: You are agile. (Dex +4, Str/Int -1)
                  | [potion of mutation]
  4144 | D:5      | Gained mutation: Armour fits poorly on your strangely
                  | shaped body. [potion of mutation]
  4144 | D:5      | Gained mutation: You have sharp toenails. [potion of
                  | mutation]
  4145 | D:5      | HP: 3/61 [scorpion (5)]
  4146 | D:5      | Succumbed to a scorpion's poison

Illustrated notes

Levels and vault maps discovered:
D:1:      eino_arrival_water_cross, layout_rooms, minmay_split_cup_large
D:2:      layout_basic, ebering_ecumenical_altar_rust
D:3:      layout_basic, minmay_quantized
D:4:      layout_rooms, serial_shops, shop_fountains, minmay_misc_feat_chi,
          uniq_natasha, uniq_grinder, uniq_crazy_yiuf_cottage
D:5:      minmay_clustersquares, layout_basic, minmay_temple_entry_mini_moons,
          nicolae_stop_n_shop_1, uniq_menkaure
Temple:   nicolae_temple_superstar

Skill      XL: |  1  2  3  4  5  6  7  8 |
---------------+-------------------------+-----
Long Blades    | 3 4 5 6 7 |  7.8
Dodging        | 3 |  3.6
Throwing       | 2 |  2.8
Armour         | 1 2 3 |  3.0
Stealth        | 1 2 |  2.2
Fighting       | 3 4 |  4.5
Shields        | 1 |  1.4
Ranged Weapons | 2 |  2.1

Action                   |  1- 3 |  4- 6 |  7- 9 || total
-------------------------+-------+-------+-------++-------
Melee: Long sword        |    72 |    93 |    87 ||   252
       Touch             |    10 |    17 |    17 ||    44
       Tailslap          |       |    12 |    19 ||    31
       Punch             |       |     1 |       ||     1
 Fire: Sling             |       |       |    13 ||    13
Throw: Throwing net      |     5 |     4 |     4 ||    13
       Javelin           |       |     1 |     2 ||     3
       Stone             |       |     3 |     2 ||     5
Evoke: Wand              |       |       |     2 ||     2
  Use: Scroll            |     3 |     5 |     5 ||    13
       Potion            |       |     4 |     3 ||     7
 Stab: Held in net/web   |     1 |     3 |     1 ||     5
       Sleeping          |       |     2 |     3 ||     5
Armor: Leather armour    |    20 |    23 |    15 ||    58
Dodge: Dodged            |    38 |    50 |    37 ||   125
Block: Other             |    10 |    20 |    16 ||    46
       Reflection        |       |     1 |       ||     1
